 Dungeon Sprint DCSS version 0.27-a0-637-g3a9f0a9c12 (webtiles) character file.

Game seed: 2327205837679121686

3990 mhtbhm the Cleaver (level 10, -4/103 HPs)
             Began as a Gargoyle Fighter on Mar 14, 2021.
             Was a High Priest of Trog.
             Slain by a merfolk
             ... wielding a +0 trident
              (10 damage)
             ... in the Dungeon (Sprint VII: "The Pits").
             The game lasted 00:02:07 (1046 turns).

mhtbhm the Cleaver (Gargoyle Fighter)               Turns: 1046, Time: 00:02:08

Health: -4/103     AC: 25    Str: 22    XL:     10   Next: 22%
Magic:  10/10      EV:  7    Int: 13    God:    Trog [*****.]
Gold:   0          SH: 13    Dex: 12    Spells: 9/9 levels left

rFire    . . .     SeeInvis .   a - +4 broad axe (flame)
rCold    . . .     Faith    .   c - +0 kite shield
rNeg     + . .     Spirit   .   b - +3 plate armour
rPois    ∞         Reflect  .   (no helmet)
rElec    +         Harm     .   (no cloak)
rCorr    .         Rampage  .   (no gloves)
Will     .....     NoTele   +   (no boots)
Stlth    ..........             (no amulet)
HPRegen  0.27/turn              m - +3 ring of intelligence
MPRegen  0.12/turn              n - +3 ring of dexterity

@: berserking, very quick
A: AC +7, negative energy resistance 1, electricity resistance, torment
resistance 1, unbreathing 1, petrification resistance
a: Renounce Religion, Berserk, Trog's Hand, Brothers in Arms


You were in the Dungeon.
You worshipped Trog.
Trog was extremely pleased with you.
You visited 1 branch

Inventory:

Hand Weapons
 a - a +4 broad axe of flaming (weapon)
Armour
 b - a +3 plate armour (worn)
 c - a +0 kite shield (worn)
Jewellery
 m - a +3 ring of intelligence (right hand)
 n - a +3 ring of dexterity (left hand)
Scrolls
 j - a scroll of blinking
 l - a scroll of summoning
Potions
 d - 2 potions of might
 e - 8 potions of curing
 f - 8 potions of heal wounds
 g - a potion of haste
 h - 4 potions of magic
 i - 6 potions of berserk rage
 k - 2 potions of invisibility
 o - 3 potions of resistance


   Skills:
 + Level 11.1 Fighting
 + Level 13.3 Axes
 + Level 10.7 Armour
 + Level 2.9 Dodging
 + Level 2.3 Stealth
 + Level 12.9 Shields


You had 9 spell levels left.
You didn't know any spells.
Your spell library was empty.

Dungeon Overview and Level Annotations

Branches:
Dungeon (1/1)

Altars:
Ashenzari
Cheibriados
Dithmenos
Elyvilon
Fedhas
Gozag
Hepliaklqana
Kikubaaqudgha
Makhleb
Nemelex Xobeh
Okawaru
Qazlal
Ru
Sif Muna
Trog
Uskayaw
Vehumet
Wu Jian
Xom
Yredelemnul
Zin
The Shining One
Beogh
Jiyva
Lugonu


Innate Abilities, Weirdness & Mutations

Your stone body is resilient. (AC +7)
You are immune to poison.
You resist negative energy. (rN+)
You are resistant to electric shocks. (rElec)
You are resistant to unholy torment.
You can survive without breathing.
You are immune to petrification.


Message History

Trog grants you a weapon!
You slash the merfolk! You burn the merfolk. You hit the merfolk.
You burn the merfolk.
Your Fighting skill increases to level 11!
Your Axes skill increases to level 13!
You have reached level 10!
Your plate armour prevents you from hitting the merfolk.
The merfolk is heavily wounded.
You miss the merfolk. The merfolk closely misses you.
The merfolk hits you but does no damage.
You block the merfolk's attack. x2
Unknown command.
Unknown command.
You slash the merfolk! You burn the merfolk.
The merfolk is severely wounded.
You slice the merfolk!! You burn the merfolk!
You feel the power of Trog in you as your rage grows.
You kill the merfolk!
Trog accepts your kill. You block the merfolk's attack.
Unknown command.
You completely miss the merfolk.
The merfolk is severely wounded.
The merfolk hits you from afar with a +0 trident.
* * * LOW HITPOINT WARNING * * *
The merfolk hits you but does no damage.
Unknown command.
Unknown command.
You slash the merfolk! You burn the merfolk.
The merfolk is almost dead.
You block the merfolk's attack.
The merfolk hits you but does no damage. x2
You hit the merfolk. You burn the merfolk.
The merfolk is almost dead.
Unknown command.
You slash the merfolk! You burn the merfolk.
You kill the merfolk!
Trog accepts your kill.
The merfolk hits you from afar with a +0 trident!
You die...

########################
...............))†m.....
...........)....@.m.....
############++##########


You could see 2 merfolk.

Vanquished Creatures
  A merfolk javelineer (D)
  A shadow wraith (D)
  A swamp dragon (D)
  A cane toad (D)
  2 merfolk (D)
  A red devil (D)
  A hornet (D)
  2 snapping turtles (D)
  An air elemental (D)
  A vampire (D)
  A warg (D)
  A floating eye (D)
  A sky beast (D)
  2 gnoll sergeants (D)
  Terence (D)
  8 gnolls (D)
  2 adders (D)
  2 river rats (D)
  2 ufetubi (D)
  2 oozes (D)
  2 leopard geckos (D)
  2 orcs (D)
  A bat (D)
39 creatures vanquished.

Vanquished Creatures (others)
  A kobold (D)
1 creature vanquished.

Grand Total: 40 creatures vanquished

Notes
Turn   | Place    | Note
-------+----------+-------------------------------------------
     0 | D        | mhtbhm the Gargoyle Fighter began the quest for the Orb.
     0 | D        | Reached XP level 1. HP: 14/14 MP: 1/1
    15 | D        | Reached skill level 2 in Axes
    19 | D        | Found a bloodstained altar of Trog.
    19 | D        | Found a shimmering blue altar of Sif Muna.
    19 | D        | Found a viscous altar of Jiyva.
    19 | D        | Found a hazy altar of Hepliaklqana.
    19 | D        | Found an opulent altar of Gozag.
    20 | D        | Found a glowing golden altar of the Shining One.
    20 | D        | Found a glowing silver altar of Zin.
    20 | D        | Found a shimmering altar of Xom.
    20 | D        | Found an ornate altar of the Wu Jian Council.
    20 | D        | Found a sacrificial altar of Ru.
    20 | D        | Found a stormy altar of Qazlal.
    20 | D        | Found an iron altar of Okawaru.
    20 | D        | Found a sparkling altar of Nemelex Xobeh.
    20 | D        | Found a burning altar of Makhleb.
    20 | D        | Found a blossoming altar of Fedhas.
    20 | D        | Found a white marble altar of Elyvilon.
    20 | D        | Found a shadowy altar of Dithmenos.
    20 | D        | Found a snail-covered altar of Cheibriados.
    22 | D        | Found a radiant altar of Vehumet.
    22 | D        | Found a corrupted altar of Lugonu.
    24 | D        | Became a worshipper of Trog the Wrathful
    73 | D        | Reached XP level 2. HP: 18/20 MP: 2/2
   105 | D        | Reached * piety under Trog
   147 | D        | Noticed a floating eye
   151 | D        | Killed a floating eye
   151 | D        | Reached ** piety under Trog
   152 | D        | Reached skill level 4 in Axes
   152 | D        | Reached XP level 3. HP: 27/27 MP: 3/3
   152 | D        | Reached XP level 4. HP: 32/32 MP: 4/4
   152 | D        | Reached XP level 5. HP: 36/36 MP: 5/5
   359 | D        | Noticed a warg
   367 | D        | Reached *** piety under Trog
   368 | D        | Reached skill level 5 in Axes
   373 | D        | Killed a warg
   374 | D        | Reached skill level 6 in Axes
   374 | D        | Reached XP level 6. HP: 44/44 MP: 6/6
   377 | D        | Noticed a sky beast
   380 | D        | Reached **** piety under Trog
   381 | D        | Reached skill level 7 in Axes
   397 | D        | Killed a sky beast
   398 | D        | Reached skill level 8 in Axes
   398 | D        | Reached XP level 7. HP: 42/48 MP: 7/7
   421 | D        | Reached ***** piety under Trog
   424 | D        | Noticed a cane toad
   435 | D        | Killed a cane toad
   436 | D        | Reached skill level 10 in Axes
   436 | D        | Reached skill level 1 in Dodging
   436 | D        | Reached skill level 1 in Stealth
   494 | D        | Received a gift from Trog
   515 | D        | Reached XP level 8. HP: 33/56 MP: 8/8
   642 | D        | Noticed Terence
   642 | D        | Noticed a snapping turtle
   645 | D        | Killed Terence
   652 | D        | Killed a snapping turtle
   653 | D        | Reached skill level 10 in Shields
   653 | D        | Killed a shadow wraith
   654 | D        | Reached skill level 11 in Axes
   768 | D        | Found a hide-covered altar of Uskayaw.
   768 | D        | Found an ancient bone altar of Kikubaaqudgha.
   768 | D        | Found a broken altar of Ashenzari.
   795 | D        | Noticed a vampire
   802 | D        | Killed a vampire
   802 | D        | Received a gift from Trog
   803 | D        | Reached skill level 10 in Fighting
   803 | D        | Reached XP level 9. HP: 62/62 MP: 9/9
   995 | D        | Noticed a red devil
   998 | D        | Noticed a swamp dragon
  1010 | D        | Killed a swamp dragon
  1011 | D        | Reached skill level 12 in Axes
  1027 | D        | Killed a red devil
  1028 | D        | Noticed a merfolk
  1028 | D        | Noticed a merfolk
  1029 | D        | Noticed a merfolk javelineer
  1029 | D        | Noticed a hornet
  1030 | D        | Noticed a merfolk
  1031 | D        | Noticed a merfolk
  1038 | D        | Killed a hornet
  1039 | D        | Reached skill level 10 in Armour
  1040 | D        | Killed a merfolk javelineer
  1040 | D        | Received a gift from Trog
  1041 | D        | Reached skill level 13 in Axes
  1041 | D        | Reached XP level 10. HP: 7/69 MP: 10/10
  1043 | D        | HP: 5/103 [merfolk/+0 trident (2)]
  1046 | D        | Slain by a merfolk

Illustrated notes

Levels and vault maps discovered:
D:        pitsprint [storerooms_1, entrance_room_1, metal_vault_3, armoury_3,
          mini_pit_1, grid_room_1, main_hall_1, silver_pit, the_coven_2,
          the_vestibule_1, steel_vault_5, golden_pit, hallway_of_sentries,
          crystal_vault_3, iron_vault_2, final_vault]

Skill      XL: |  1  2  3  4  5  6  7  8  9 |
---------------+----------------------------+-----
Axes           | 2 4 6 8 10 11 13 | 13.3
Fighting       | 4 6 7 8 10 11 | 11.1
Armour         | 4 6 7 8 10 | 10.7
Shields        | 4 6 7 8 9 11 12 | 12.9
Dodging        | 1 2 |  2.9
Stealth        | 1 2 |  2.3

Action                   |  1- 3 |  4- 6 |  7- 9 | 10-12 || total
-------------------------+-------+-------+-------+-------++-------
Melee: Hand axe          |    26 |    40 |    57 |       ||   123
       War axe           |     2 |       |       |       ||     2
       Broad axe         |       |       |    45 |     6 ||    51
Invok: Berserk           |     1 |     1 |     5 |       ||     7
Armor: Scale mail        |    13 |     4 |       |       ||    17
       Chain mail        |       |    28 |    22 |       ||    50
       Plate armour      |       |       |    45 |     4 ||    49
Dodge: Dodged            |     9 |     8 |    30 |     1 ||    48
Block: Kite shield       |    13 |    30 |    73 |     4 ||   120

Table legend: (Time is in decaauts)
 A = Elapsed time spent in this place.
 B = Non-inter-level travel time spent in this place.
 C = Inter-level travel time spent in this place.
 D = Time resting spent in this place.
 E = Time spent auto-exploring this place.
 F = Levels seen in this place.
 G = Mean time per level.
                   A        B        C        D        E       F      G
               +--------+--------+--------+--------+--------+-----+--------+
         Total |   1114 |   1114 |      0 |    539 |     96 |   1 | 1114.0 |
       Dungeon |   1114 |   1114 |      0 |    539 |     96 |   1 | 1114.0 |
               +--------+--------+--------+--------+--------+-----+--------+

Top non-repeatable levels by time:
       D: 1114 daAuts
